 Dungeon Crawl Stone Soup version 0.29.1-15-g9cfb28693d (webtiles) character file.

Game seed: 12018184286713545127

1131 PhantomBowie the Ogre Mage (level 8, -2/68 HPs)
             Began as an Ogre Venom Mage on Mar 8, 2023.
             Killed from afar by Edmund (16 damage)
             ... with a bolt of light
             ... on level 5 of the Dungeon.
             The game lasted 00:27:17 (4933 turns).

PhantomBowie the Ogre Mage (Ogre Venom Mage)        Turns: 4933, Time: 00:27:18

Health: -2/68      AC:  8    Str: 13    XL:     8   Next: 36%
Magic:  13/17      EV: 10    Int: 18    God:
Gold:   235        SH:  0    Dex: 15    Spells: 13/19 levels left

rFire   . . .      SeeInvis .   s - +7 club
rCold   . . .      Faith    .   (no shield)
rNeg    . . .      Spirit   .   a - +0 robe
rPois   .          Reflect  .   (helmet restricted)
rElec   .          Harm     .   n - +0 cloak
rCorr   .          Rampage  .   (gloves unavailable)
Will    .....                   (boots unavailable)
Stlth   ++........              d - amulet of regeneration
HPRegen 1.01/turn               c - +6 ring of dexterity
MPRegen 0.15/turn               p - +4 ring of protection

@: no status effects
A: large, unfitting armour, tough skin 1
a: no special abilities


You were on level 5 of the Dungeon.
You visited 1 branch of the dungeon, and saw 5 of its levels.

You collected 235 gold pieces.

Inventory:

Hand Weapons
 s - a +7 club (weapon)
Missiles
 l - 4 poisoned darts (quivered)
 q - 3 curare-tipped darts
Armour
 a - a +0 robe (worn)
 n - a +0 cloak (worn)
Jewellery
 c - a +6 ring of dexterity (left hand)
 d - an amulet of regeneration (around neck)
 p - a +4 ring of protection (right hand)
 y - a +4 ring of protection
Wands
 r - a wand of flame (1)
Scrolls
 g - 4 scrolls of enchant armour
 h - a scroll of summoning {unknown}
 m - 5 scrolls of fear
 t - 3 scrolls of torment {unknown}
 u - a scroll of vulnerability {unknown}
 w - a scroll of poison {unknown}
 x - a scroll of amnesia {unknown}
 z - a scroll of noise {unknown}
Potions
 b - a potion of magic
 f - 4 potions of flight
 i - 2 potions of brilliance
 j - a potion of lignification {unknown}
 k - 3 potions of heal wounds
 o - a potion of curing {unknown}
 v - a potion of ambrosia {unknown}


   Skills:
 + Level 0.3 Fighting
 - Level 1.7 Dodging
 - Level 1.4 Stealth
 + Level 6.4 Spellcasting
 + Level 0.1 Conjurations
 + Level 5.0 Transmutations
 + Level 0.2 Earth Magic
 + Level 5.6 Poison Magic


You had 13 spell levels left.
You knew the following spells:

 Your Spells              Type           Power      Damage    Failure   Level
a - Sting                 Tmut/Pois      100%       1d8       1%          1
b - Poisonous Vapours     Pois/Air       32%        N/A       5%          2
c - Stone Arrow           Conj/Erth      12%        3d7       30%         3

Your spell library contained the following spells:

 Spells                   Type           Power      Damage    Failure   Level
 Passwall                 Tmut/Erth      12%        N/A       6%          2
 Foxfire                  Conj/Fire      24%        2x1d5     11%         1
 Sandblast                Erth           12%        2d6       11%         1
 Olgreb's Toxic Radiance  Pois           26%        N/A       11%         4
 Slow                     Hex            20%        N/A       12%         1
 Mephitic Cloud           Conj/Pois/Air  12%        N/A       16%         3
 Conjure Flame            Conj/Fire      6%         6-21      32%         3
 Confusing Touch          Hex            5%         N/A       34%         3
 Inner Flame              Hex/Fire       5%         N/A       34%         3
 Vampiric Draining        Necr           5%         2d6       34%         3
 Flame Wave               Conj/Fire      6%         2d5       73%         4
 Eringya's Noxious Bog    Tmut/Pois      12%        N/A       88%         6
 Summon Forest            Summ/Tloc      2%         N/A       97%         5
 Summon Hydra             Summ           2%         N/A       100%        7


Dungeon Overview and Level Annotations

Branches:
Dungeon (5/15)
 Temple: D:4-7

Altars:
Cheibriados
Elyvilon

Annotations:
D:2 1 runed translucent door, Crazy Yiuf
D:5 Edmund


Innate Abilities, Weirdness & Mutations

You are too large for most types of armour.
You have tough skin. (AC +1)


Message History

Casting: Poisonous Vapours (safe; 5% risk of failure)
Confirm with . or Enter, or press ? or * to list all spells.
Aiming: Sting (safe; 1% risk of failure)
Press: ? - help, Shift-Dir - straight line, f/p - Edmund
Aim: Edmund, wielding a +1 vorpal dire flail, wearing a +0 scale mail and carrying a wand of light (11) (lightly wounded, poisoned, 81% to hit)
The sting hits Edmund but does no damage.
Edmund looks even sicker.
Edmund is lightly wounded.
Casting: Sting (safe; 1% risk of failure)
Confirm with . or Enter, or press ? or * to list all spells.
Aiming: Sting (safe; 1% risk of failure)
Press: ? - help, Shift-Dir - straight line, f/p - Edmund
Aim: Edmund, wielding a +1 vorpal dire flail, wearing a +0 scale mail and carrying a wand of light (11) (lightly wounded, very poisoned, 81% to hit)
The sting misses Edmund.
The sting hits the adder!
The adder is poisoned.
The adder is severely wounded.
Edmund grinds his teeth, and then sighs.
Edmund zaps a wand.
The bolt of light hits you!!
You are confused.
The adder bites you but does no damage.
In your confused state, you trip and fall back down the stairs.
You kill the adder!
Edmund hits you with a +1 vorpal dire flail.
You hit Edmund but do no damage.
Edmund is lightly wounded.
Edmund hits you with a +1 vorpal dire flail.
Edmund barely misses you. Edmund attacks as you move away!
Edmund barely misses you.
You feel less confused.
Edmund zaps a wand.
The bolt of light hits you!
Edmund zaps a wand.
The bolt of light hits you!
* * * LOW HITPOINT WARNING * * *
Casting: Sting (safe; 1% risk of failure)
Confirm with . or Enter, or press ? or * to list all spells.
Aiming: Sting (safe; 1% risk of failure)
Press: ? - help, Shift-Dir - straight line, f/p - Edmund
Aim: Edmund, wielding a +1 vorpal dire flail, wearing a +0 scale mail and carrying a wand of light (8) (moderately wounded, poisoned, 81% to hit)
The sting hits Edmund.
Edmund looks even sicker.
Edmund is moderately wounded.
Edmund zaps a wand.
The bolt of light hits you!
You die...

.##..................#
........... #.......###.. ##
#......#.###.......#.#'#
##.##......#..........##...####
##...#.................+......#.
##.....#...............##......#.
#......#...............#..S....#.
#..[...#...##.......[..#..@....'.
#.........####..@..@<..#.......#.
###.......+ ##........##......#.
#........+ #...>).#..'......#.
##.....#.## #.......#####...####
#.##..#..##........# #.#'#...
######................. ###.....
#...##..#....#..#....#+# #.......
#...#...###..#..#..### ##......
#.................# +......


You could see Edmund (very poisoned).

Vanquished Creatures
  Grinder (D:3)
  Sigmund (D:4)
  2 ogres
  A necrophage (D:4)
  A scorpion (D:4)
  A hound (D:5)
  3 orc priests
  An iguana (D:4)
  3 orc wizards
  Ijyb (D:3)
  A mummy (D:3)
  7 gnolls
  6 adders
  A white imp (D:4)
  An ufetubus (D:5)
  2 worms
  2 dart slugs
  14 orcs
  3 bats
  9 endoplasms
  2 giant cockroaches (D:1)
  7 goblins
  10 hobgoblins
  2 jackals (D:3)
  3 quokkas
  4 ball pythons
  7 frilled lizards
  6 kobolds
  8 rats
110 creatures vanquished.

Vanquished Creatures (others)
  A plant (D:1)
1 creature vanquished.

Grand Total: 111 creatures vanquished

Notes
Turn   | Place    | Note
-------+----------+-------------------------------------------
     0 | D:1      | PhantomBowie the Ogre Venom Mage began the quest for the
                  | Orb.
     0 | D:1      | Reached XP level 1. HP: 16/16 MP: 3/3
    97 | D:1      | Reached skill level 1 in Transmutations
   190 | D:1      | Reached XP level 2. HP: 24/24 MP: 3/5
   774 | D:1      | Reached skill level 3 in Spellcasting
   835 | D:1      | Reached XP level 3. HP: 31/31 MP: 5/7
   924 | D:1      | Found a faded altar of an unknown god.
  1344 | D:2      | Reached XP level 4. HP: 36/39 MP: 3/9
  1619 | D:2      | Reached XP level 5. HP: 45/45 MP: 6/10
  1963 | D:2      | Noticed an ogre
  2007 | D:2      | Found a runed translucent door.
  2008 | D:2      | Noticed Crazy Yiuf
  2056 | D:3      | Noticed Ijyb
  2080 | D:3      | Killed Ijyb
  2184 | D:3      | Found a snail-covered altar of Cheibriados.
  2384 | D:3      | Reached skill level 4 in Spellcasting
  2626 | D:3      | Found a white marble altar of Elyvilon.
  2880 | D:3      | Noticed Grinder
  2921 | D:3      | Killed Grinder
  2922 | D:3      | Reached XP level 6. HP: 40/53 MP: 4/13
  3454 | D:3      | Reached XP level 7. HP: 46/59 MP: 11/14
  3481 | D:3      | Reached skill level 5 in Spellcasting
  3528 | D:4      | Noticed Sigmund
  3534 | D:4      | Killed Sigmund
  3535 | D:4      | Reached skill level 5 in Poison Magic
  3731 | D:4      | Learned a level 2 spell: Poisonous Vapours
  4279 | D:4      | Reached skill level 6 in Spellcasting
  4279 | D:4      | Reached XP level 8. HP: 50/67 MP: 10/17
  4558 | D:5      | Entered Level 5 of the Dungeon
  4664 | D:5      | Noticed Edmund
  4795 | D:4      | Reached skill level 5 in Transmutations
  4815 | D:4      | Learned a level 3 spell: Stone Arrow
  4933 | D:5      | Killed from afar by Edmund

Illustrated notes

Levels and vault maps discovered:
D:1:      lightli_arrival_farm, layout_basic, shapermc_ecumenical_altar_ellora,
          minmay_fountain_box, corexii_leaking_fountain, minmay_misc_feat_tower
D:2:      layout_basic, lightli_corner_chamber, uniq_crazy_yiuf_cottage
D:3:      minmay_wonky_spiral, layout_basic, slow_altar_1,
          mainiacjoe_overflow_concentric_impassable, grunt_ministairs_8,
          kennysheep_cluttered_room, uniq_grinder, uniq_ijyb
D:4:      layout_loops_ring, uniq_sigmund
D:5:      nicolae_cairo_tiling_very_big, layout_cave_pools,
          mainiacjoe_overflow_alcove_4, led_sif_book, serial_gnoll_camp,
          gnoll_camp_mini_hut, gnoll_camp_mini_hut, gnoll_camp_mini_shop,
          gnoll_camp_mini_sergeant, minmay_misc_feat_cross,
          minmay_fire_ice_demons, uniq_edmund, uniq_menkaure

Skill      XL: |  1  2  3  4  5  6  7  8 |
---------------+-------------------------+-----
Transmutations | 1 2 3 4 5 |  5.0
Poison Magic   | 3 4 5 |  5.6
Spellcasting   | 3 4 6 |  6.4
Fighting       | |  0.3
Dodging        | |  1.7
Stealth        | |  1.4
Conjurations   | |  0.1
Earth Magic    | |  0.2

Action                   |  1- 3 |  4- 6 |  7- 9 || total
-------------------------+-------+-------+-------++-------
Melee: Unarmed           |     1 |     9 |       ||    10
       Club              |       |    27 |    40 ||    67
       Punch             |       |     1 |     1 ||     2
Throw: Dart              |       |     4 |       ||     4
 Cast: Sting             |    61 |    92 |    79 ||   232
       Poisonous Vapours |       |       |     4 ||     4
  Use: Scroll            |       |       |     5 ||     5
Armor: Robe              |     7 |    38 |    35 ||    80
Dodge: Dodged            |    13 |    52 |    43 ||   108
